cohdb
Replays
Latest Replays
All Replays
Popular Replays
Top Player Replays
Match Explorer
How It Works
Community
CoH3 Stats
Reddit
Sign in to upload your games and track your stats! →
Sign in with Steam
Match 42947794
Unlisted
Match 42947794
Overview
Messages
Build Orders
End
Vickers Machine Gun Team
Construct Section Command Post
Dingo Light Scout Car
Infantry Section
Infantry Section
Infantry Section
Construct Platoon Command Post
6-pounder Anti-tank Gun Team
Selects Air and Sea Battlegroup
Selects Supply Surplus
Construct Field Infirmary
Infantry Section
Selects Commando Section Paradrop
Selects Commando Support Section Paradrop
Forward Retreat Point
Royal Engineer Section
Grenade Package
Infantry Training
Selects UNKNOWN (223837)
Construct Company Command Post
Construct Company Command Post
Selects Incendiary Bombing Run
Construct Field Infirmary
Beze
Chieftain
Zoltanus
UCAGC
Team saupiquet
qazxsw
김문상
Clara
0
0
Comments
sign in to comment!
No comments posted yet!